 Dungeon Crawl Stone Soup version 0.31-a0-202-g547052bce9 (webtiles) character file.

Game seed: 15097595773280267489

35 qw the Shooter (level 3, -1/20 HPs)
             Began as a Deep Elf Hunter on June 26, 2023.
             Slain by an adder (4 damage)
             ... on level 2 of the Dungeon.
             The game lasted 00:00:21 (894 turns).

qw the Shooter (Deep Elf Hunter)                     Turns: 894, Time: 00:00:21

Health: -1/20      AC:  3    Str: 10    XL:     3   Next: 17%
Magic:  5/5        EV: 12    Int: 13    God:
Gold:   63         SH:  0    Dex: 18    Spells: 2/2 levels left

rFire   . . .        Y - +1 shortbow
rCold   . . .        (shield currently unavailable)
rNeg    . . .        c - +0 leather armour
rPois   .            (no helmet)
rElec   .            (no cloak)
rCorr   .            (no gloves)
SInv    .            (no boots)
Will    .....        (no amulet)
Stlth   ++           (no ring)
HPRegen 0.23/turn    (no ring)
MPRegen 0.09/turn

%: no passive effects
@: lethally poisoned (-1 -> -6)
A: no striking features
a: no special abilities


You were on level 2 of the Dungeon.
You visited 1 branch of the dungeon, and saw 2 of its levels.

You collected 63 gold pieces.


   Skills:
 - Level 1.5 Fighting
 + Level 6.8 Ranged Weapons
 - Level 2.4 Dodging
 - Level 1.2 Stealth


You had 2 spell levels left.
You didn't know any spells.
Your spell library was empty.

Inventory:

Hand Weapons
 Y - a +1 shortbow (weapon)
Armour
 c - a +0 leather armour (worn)
Jewellery
 d - an amulet of guardian spirit
Scrolls
 a - 2 scrolls of identify
 b - a scroll of immolation {unknown}
Potions
 k - a potion of enlightenment

Dungeon Overview and Level Annotations

Branches:
Dungeon (2/15)

Altars:


Message History

The bat completely misses you.
An adder comes into view.
You shoot an arrow. The arrow hits the adder!
The adder is severely wounded.
The bat hits you but does no damage.
You shoot an arrow. The arrow barely misses the bat.
The arrow closely misses the adder.
The arrow barely misses the adder.
The bat hits you but does no damage. x2; The adder bites you but does no damage.
You shoot an arrow.
The arrow hits the adder but does no damage.
The adder is heavily wounded.
The bat hits you. The adder bites you.
You are poisoned.
The adder poisons you!
You shoot an arrow. The arrow misses the adder.
The arrow hits the adder.
The adder is moderately wounded.
You feel sick. The bat misses you. The adder misses you.
You shoot an arrow. The arrow hits the adder.
The adder is severely wounded.
You feel sick. The adder bites you. The adder bites you but does no damage.
The adder closely misses you. The adder bites you.
You are more poisoned.
The adder poisons you!
You shoot an arrow. The arrow barely misses the adder.
You feel sick. The adder closely misses you. The adder completely misses you.
The adder barely misses you.
You shoot an arrow.
The arrow hits the adder but does no damage.
The adder is severely wounded.
You feel sick. The adder barely misses you.
The adder bites you but does no damage. x2
You shoot an arrow. The arrow misses the adder.
The arrow hits the worm!
The worm is heavily wounded.
You feel sick. The adder bites you. x2
You are lethally poisoned!
The adder poisons you!
You shoot an arrow. The arrow closely misses the adder.
The arrow hits the worm.
The worm is severely wounded.
You feel sick. The adder closely misses you. The adder bites you.
You die...

#.# #.#.##.....#
..#####.#..'.....#
...#....####.....#
...#.#### #.....###
#......# #..%....#
##.#.#.# .#.#.###.#
......... ......>#.#
################...#
##... #@### ##.#


#SSb# ...# #w#.# ##<# ....# ##.# ... . ##.# ....... ...# ..... .. .###
.........# . You could see a worm, 2 adders and a bat.

Vanquished Creatures
  An adder (D:2)
  4 ball pythons
  A bat (D:1)
  3 endoplasms (D:1)
  5 giant cockroaches
  A goblin (D:1)
  4 hobgoblins (D:1)
  2 frilled lizards
  2 rats (D:1)
23 creatures vanquished.

Notes
Turn   | Place    | Note
-------+----------+-------------------------------------------
     0 | D:1      | qw the Deep Elf Hunter began the quest for the Orb.
     0 | D:1      | Reached XP level 1. HP: 12/12 MP: 3/3
     0 | D:1      | 0 ||| qw: Version: 0.3-a-22-g0ed2b0b
     0 | D:1      | 0 ||| qw: Game counter: 6210
     0 | D:1      | 0 ||| qw: Melee chars always use a shield: true
     0 | D:1      | 0 ||| qw: God list: Okawaru
     0 | D:1      | 0 ||| qw: Allow faded altars: false
     0 | D:1      | 0 ||| qw: Do Orc after clearing Dungeon:15 true
     0 | D:1      | 0 ||| qw: Do second Lair branch before Depths: true
     0 | D:1      | 0 ||| qw: Lair rune preference: random
     0 | D:1      | 0 ||| qw: Goals: Normal
     0 | D:1      | 0 ||| PLANNING D:1-11
   300 | D:1      | Reached XP level 2. HP: 16/16 MP: 4/4
   309 | D:1      | Reached skill level 6 in Ranged Weapons
   788 | D:1      | 788 ||| DROPPING +6 ring of intelligence.
   789 | D:1      | 789 ||| READING 4 scrolls labelled WAGHINT WONAZ.
   790 | D:1      | 790 ||| READING scroll labelled HACISSISMU.
   794 | D:1      | 794 ||| READING scroll labelled NUPRAN BEZOTUCK.
   795 | D:1      | 795 ||| READING scroll labelled AGOVVEQEGG.
   796 | D:1      | 796 ||| READING scroll labelled UPOZXA TIZUR.
   797 | D:1      | 797 ||| DRINKING 2 glowing yellow potions.
   798 | D:1      | 798 ||| READING 3 scrolls of identify.
   798 | D:1      | 798 ||| IDENTIFYING ruby potion
   799 | D:1      | 799 ||| READING 2 scrolls of identify.
   799 | D:1      | 799 ||| IDENTIFYING bubbling ruby potion
   800 | D:1      | 800 ||| DROPPING scroll of butterflies.
   801 | D:1      | 801 ||| DROPPING potion of invisibility.
   802 | D:1      | 802 ||| DROPPING potion of brilliance.
   868 | D:2      | Reached XP level 3. HP: 20/20 MP: 5/5
   893 | D:2      | HP: 5/20 [adder (1)]
   894 | D:2      | Slain by an adder

Levels and vault maps discovered:
D:1:      ebering_trefoil_3fold, layout_loops_corners, minmay_misc_feat_encased,
          hangedman_feature_mirror, minmay_tree_intersection
D:2:      layout_basic, serial_shops, nicolae_diamond_shop,
          nicolae_shop_window_shopping

Skill      XL: |  1  2 |
---------------+-------+-----
Ranged Weapons | 6 |  6.8
Fighting       | |  1.5
Dodging        | |  2.4
Stealth        | |  1.2

Action                     || total
---------------------------++-------
   Fire: Shortbow          ||    67
    Use: Scroll            ||     7
         Potion            ||     1
 Armour: Leather armour    ||    12
  Dodge: Dodged            ||    19

Table legend:
 A = Non-vault XP
 B = Vault XP
 C = Vault XP percentage of total XP
 D = Non-vault monster count
 E = Vault monster count
 F = Vault count percentage of total count
                 A         B        C        D         E       F
            +---------+---------+-------+---------+---------+-------
      Total |      47 |       4 |   7.8 |      21 |       2 |   8.7
            +---------+---------+-------+---------+---------+-------
        D:1 |      27 |       4 |  12.9 |      16 |       2 |  11.1
        D:2 |      20 |       0 |   0.0 |       5 |       0 |   0.0
            +---------+---------+-------+---------+---------+-------
